 Dungeon Crawl Stone Soup version 0.31-a0-851-g7ff8af7976 (webtiles) character file.

Game seed: 110392217076220582

107 porpoise the Vexing (level 4, 0/21 HPs)
             Began as a Vine Stalker Enchanter on Oct 5, 2023.
             Was an Initiate of Dithmenos.
             Killed from afar by Ijyb (7 damage)
             ... with a puff of flame
             ... on level 3 of the Dungeon on Oct 6, 2023.
             The game lasted 00:10:02 (1899 turns).

porpoise the Vexing (Vine Stalker Enchanter)        Turns: 1899, Time: 00:10:02

Health: 0/21       AC:  5    Str: 10    XL:     4   Next: 86%
Magic:  0/8        EV: 12    Int: 17    God:    Dithmenos [......]
Gold:   101        SH:  0    Dex: 15    Spells: 2/7 levels left

rFire   . . .        a - +1 dagger
rCold   . . .        (no shield)
rNeg    . . .        p - +0 robe
rPois   .            (no helmet)
rElec   .            (no cloak)
rCorr   .            l - +2 pair of gloves
SInv    .            (no boots)
Will    .....        f - amulet of regeneration
Stlth   ++           (no ring)
HPRegen 1.83/turn    (no ring)
MPRegen 0.11/turn

%: guardian spirit
@: no status effects
A: fangs 2, regeneration 1, magic shield, antimagic bite, no potion heal 2
a: Renounce Religion


You were on level 3 of the Dungeon.
You worshipped Dithmenos.
Dithmenos was noncommittal.
You visited 1 branch of the dungeon, and saw 3 of its levels.

You collected 101 gold pieces.

Inventory:

Hand Weapons
 a - a +1 dagger (weapon)
Armour
 l - a +2 pair of gloves (worn)
 p - a +0 robe (worn)
Jewellery
 f - an amulet of regeneration (around neck)
Scrolls
 b - a scroll of butterflies {unknown}
 e - 2 scrolls of amnesia
 j - a scroll of fear {unknown}
 k - a scroll of poison {unknown}
 n - a scroll of immolation {unknown}
Potions
 c - 2 potions of invisibility
 d - 2 potions of lignification
 h - 2 potions of haste
 i - a potion of berserk rage {unknown}
 m - 2 potions of degeneration {unknown}
 o - a potion of resistance {unknown}
 q - 2 potions of curing {unknown}
 r - a potion of magic {unknown}


   Skills:
 + Level 2.4 Short Blades
 - Level 1.5 Dodging
 - Level 3.6 Stealth
 - Level 2.4 Spellcasting
 + Level 3.9 Hexes
 + Level 2.0 Ice Magic


You had 2 spell levels left.
You knew the following spells:

 Your Spells              Type           Power      Damage    Failure   Level
a - Confusing Touch       Hex            15%        N/A       11%         3
e - Ensorcelled Hibernat  Hex/Ice        24%        N/A       9%          2

Your spell library contained the following spells:

 Spells                   Type           Power      Damage    Failure   Level
 Tukima's Dance           Hex            15%        N/A       11%         3
 Dazzling Flash           Conj/Hex       16%        N/A       24%         3
 Ozocubu's Armour         Ice            8%         N/A       24%         3
 Metabolic Englaciation   Hex/Ice        6%         N/A       83%         5
 Simulacrum               Ice/Necr       2%         N/A       100%        6
 Chain Lightning          Conj/Air       1%         3d1       100%        9
 Fire Storm               Conj/Fire      1%         7d1       100%        9
 Shatter                  Erth           1%         3d5*      100%        9


Dungeon Overview and Level Annotations

Branches:
Dungeon (3/15)

Altars:
Dithmenos

Annotations:
D:3 Ijyb


Innate Abilities, Weirdness & Mutations

You have extremely sharp teeth.
Your natural rate of healing is unusually fast.
When hurt, damage is shared between your health and your magic reserves.
Your bite disrupts and absorbs the magic of your enemies.
Potions cannot restore your health.


Message History

The hobgoblin closely misses you. Ijyb hits you with a +1 spectral club.
The +1 spectral club hits you but does no damage.
You completely miss Ijyb.
Ijyb is severely wounded.
The hobgoblin hits you but does no damage.
Ijyb hits you but does no damage.
The +1 spectral club closely misses you.
You hit Ijyb. You bite Ijyb, but do no damage.
Ijyb is severely wounded.
Ijyb zaps a wand.
The puff of flame hits you!
The hobgoblin hits you but does no damage.
You hit Ijyb but do no damage.
Ijyb is severely wounded.
The hobgoblin misses you.
The +1 spectral club disappears.
Ijyb hits you with a +1 spectral club. The +1 spectral club hits you.
A +1 spectral club comes into view.
You hit Ijyb but do no damage.
Ijyb is severely wounded.
You hit Ijyb but do no damage. You bite Ijyb, but do no damage.
Ijyb is severely wounded.
Ijyb closely misses you.
The +1 spectral club hits you but does no damage.
The hobgoblin closely misses you.
You closely miss Ijyb. You bite Ijyb, but do no damage.
Ijyb is severely wounded.
The hobgoblin completely misses you. Ijyb closely misses you.
The +1 spectral club hits you but does no damage.
You hit Ijyb but do no damage. You bite Ijyb, but do no damage.
Ijyb is severely wounded.
The hobgoblin hits you but does no damage.
Ijyb hits you with a +1 spectral club. The +1 spectral club hits you.
* * * LOW HITPOINT WARNING * * *
Casting: Ensorcelled Hibernation (safe; 9% risk of failure)
Confirm with . or Enter, or press ? or * to list all spells.
You don't have enough magic to cast this spell.
You hit the hobgoblin but do no damage. Your bite misses the hobgoblin.
The hobgoblin is severely wounded.
The +1 spectral club closely misses you.
Ijyb zaps a wand.
The puff of flame hits you!
You die...

#.......................
#.#####.################
#[# ## #.# #. #.## #.
### ###..# #. #...#....#
## ..8...8..# #...#.(@.#
##. ##gg.# #. #....# .
...8.)# ..#....#
#.###...# #.. ...## ..
.8.#


You could see a +1 spectral club, Ijyb and a hobgoblin.

Vanquished Creatures
  Jessica (D:2)
  3 adders (D:2)
  A worm (D:2)
  A dart slug (D:2)
  8 bats
  6 endoplasms
  A giant cockroach (D:1)
  3 goblins
  2 hobgoblins
  3 jackals (D:1)
  4 quokkas
  4 ball pythons
  4 frilled lizards (D:2)
  5 kobolds
  3 rats
49 creatures vanquished.

Notes
Turn   | Place    | Note
-------+----------+-------------------------------------------
     0 | D:1      | porpoise the Vine Stalker Enchanter began the quest for the
                  | Orb.
     0 | D:1      | Reached XP level 1. HP: 9/9 MP: 4/4
    43 | D:1      | Reached skill level 1 in Short Blades
    99 | D:1      | Reached XP level 2. HP: 13/13 MP: 0/6
   156 | D:1      | Learned a level 2 spell: Ensorcelled Hibernation
   195 | D:1      | Found a faded altar of an unknown god.
   430 | D:1      | You fall into a shaft and drop 1 floor!
   543 | D:2      | Reached XP level 3. HP: 16/16 MP: 7/7
   547 | D:2      | Learned a level 3 spell: Confusing Touch
   630 | D:2      | Reached skill level 1 in Ice Magic
  1161 | D:2      | Reached XP level 4. HP: 21/21 MP: 5/8
  1303 | D:2      | Noticed Jessica
  1306 | D:2      | Killed Jessica
  1413 | D:2      | Found a shadowy altar of Dithmenos.
  1436 | D:2      | Became a worshipper of Dithmenos the Shadowed
  1885 | D:3      | Noticed Ijyb
  1899 | D:3      | Killed from afar by Ijyb

Illustrated notes

Levels and vault maps discovered:
D:1:      psy_arrival_radial02, layout_loops_ring,
          shapermc_ecumenical_altar_mp_urbaneastern
D:2:      layout_basic, basic_altar, minmay_split_cup_large, uniq_jessica
D:3:      layout_basic, minmay_splitting_lines, minmay_misc_feat_four_crosses,
          uniq_ijyb

Skill      XL: |  1  2  3  4 |
---------------+-------------+-----
Short Blades   | 1 2 |  2.4
Ice Magic      | 1 2 |  2.0
Dodging        | |  1.5
Stealth        | |  3.6
Spellcasting   | |  2.4
Hexes          | |  3.9

Action                     |  1- 3 |  4- 6 || total
---------------------------+-------+-------++-------
  Melee: Dagger            |   114 |    52 ||   166
         Bite              |    25 |    15 ||    40
         Punch             |     1 |       ||     1
   Cast: Ensorcelled Hiber |     2 |     5 ||     7
    Use: Scroll            |     1 |     2 ||     3
   Stab: Sleeping          |     8 |     5 ||    13
 Armour: Robe              |    53 |    30 ||    83
  Dodge: Dodged            |    75 |    32 ||   107

Table legend: (Time is in decaauts)
 A = Elapsed time spent in this place.
 B = Non-inter-level travel time spent in this place.
 C = Inter-level travel time spent in this place.
 D = Time resting spent in this place.
 E = Time spent auto-exploring this place.
 F = Levels seen in this place.
 G = Mean time per level.
                   A        B        C        D        E       F      G
               +--------+--------+--------+--------+--------+-----+--------+
         Total |   1882 |   1820 |     62 |    191 |   1134 |   3 |  627.3 |
       Dungeon |   1882 |   1820 |     62 |    191 |   1134 |   3 |  627.3 |
               +--------+--------+--------+--------+--------+-----+--------+

Top non-repeatable levels by time:
     D:2: 967 daAuts
     D:1: 823 daAuts
     D:3: 92 daAuts
